Map: 2000 Atmospheres LE

Players

TIME (Oliveira)

  • Race: Terran Terran

AGOElazer (Elazer) - Winner!

  • Race: Zerg Zerg
  • League: Master

Event: DreamHack SC2 Masters Last Chance 2022

VOD

Have the link to the VOD?

Description

Time

  • Played on: Dec. 17, 2021, 12:36 p.m.
  • Length: 9:45

All games in this series

Show
View Real Time Build Order
Export as new Build Order

TIME Terran 

Build Orders: Reaper Expand, Hellion Banshee 

Get SALT Encoding   

  12  0:00  SCV  
  13  0:12  SCV  
  14  0:17  Supply Depot  
  14  0:25  SCV  
  15  0:38  SCV  
  15  0:41  Barracks  
  16  0:45  Refinery  
  16  0:51  SCV  
  17  1:03  SCV  
  18  1:15  SCV  
  19  1:29  Reaper, Orbital Command  
  20  1:39  Command Center  
  20  1:48  Supply Depot  
  20  1:55  SCV  
  20  2:00  Marine  
  22  2:08  SCV  
  23  2:12  Factory  
  23  2:20  SCV  
  24  2:24  Barracks Reactor  
  24  2:32  SCV  
  25  2:40  Command Center  
  25  2:44  SCV  
  25  2:51  Orbital Command  
  26  2:56  SCV  
  27  3:01  Starport  
  27  3:04  Refinery  
  27  3:08  SCV  
  28  3:14  Hellion  
  28  3:15  Hellion  
  28  3:18  SCV  
  28  3:19  Barracks Tech Lab  
  33  3:22  SCV  
  34  3:30  SCV  
  35  3:34  SCV  
  35  3:36  Hellion x2  
  40  3:42  SCV  
  40  3:43  Marine  
  40  3:45  Banshee  
  40  3:46  SCV  
  46  3:53  Orbital Command  
  46  3:55  Cloaking Field  
  46  4:00  SCV  
  46  4:01  SCV  
  48  4:04  Hellion  
  48  4:05  Hellion  
  52  4:12  Supply Depot, Barracks Tech Lab, SCV  
  52  4:13  SCV  
  54  4:19  SCV  
  55  4:25  SCV x2  
  55  4:27  Banshee  
  55  4:31  Barracks  
  60  4:32  Marine  
  60  4:33  Factory Reactor  
  60  4:34  SCV  
  60  4:36  Barracks  
  60  4:38  Supply Depot  
  62  4:40  SCV x2  
  64  4:46  SCV  
  64  4:48  Engineering Bay  
  64  4:50  Stimpack, Engineering Bay, Marine  
  64  4:52  SCV  
  67  4:55  SCV  
  67  4:59  SCV, Refinery  
  69  5:00  Refinery  
  69  5:02  Supply Depot  
  69  5:10  Marine  
  69  5:12  SCV  
  69  5:13  SCV  
  72  5:16  Terran Infantry Weapons Level 1  
  72  5:18  Marine x2, Orbital Command  
  72  5:20  Factory Reactor  
  74  5:24  Supply Depot, SCV  
  74  5:25  SCV  
  74  5:27  Starport Reactor  
  76  5:32  Marine x3  
  76  5:35  Barracks x2  
  79  5:37  SCV, Terran Infantry Armor Level 1  
  79  5:38  SCV, Marine x2  
  83  5:44  SCV  
  83  5:49  SCV  
  85  5:50  Marine  
  85  5:51  Marine  
  85  5:52  Supply Depot  
  85  5:53  Supply Depot  
  85  5:55  SCV  
  85  5:56  SCV, Marine x2  
  92  6:01  SCV  
  92  6:10  Supply Depot  
  92  6:11  SCV  
  93  6:13  Marine x2  
  93  6:14  Widow Mine x2, SCV x2, Medivac x2  
  93  6:16  Supply Depot  
  93  6:17  Marine x2  
  107  6:22  Barracks Reactor  
  107  6:24  Barracks Reactor  
  108  6:25  SCV  
  108  6:26  SCV  
  108  6:29  Combat Shield  
  108  6:31  SCV, Marine  
  111  6:34  Marine  
  111  6:35  Marine  
  111  6:37  Marine  
  111  6:38  SCV x2  
  116  6:40  Widow Mine, Refinery  
  116  6:41  Widow Mine  
  116  6:42  Supply Depot  
  116  6:44  Missile Turret  
  116  6:45  Armory  
  116  6:46  Missile Turret x2  
  120  6:47  Marine  
  120  6:49  Factory  
  120  6:50  SCV x2  
  120  6:51  Marine  
  124  6:59  Supply Depot  
  124  7:00  Marine  
  125  7:03  Medivac x2, Marine  
  125  7:04  Marine  
  131  7:09  SCV x2  
  133  7:18  Command Center  
  133  7:20  Marine  
  134  7:26  Marine x3  
  134  7:27  Marine x2  
  134  7:28  Widow Mine x2, Marine  
  134  7:29  Marine  
  134  7:31  Marauder  
  135  7:38  Marine  
  135  7:41  Drilling Claws  
  135  7:42  Widow Mine  
  135  7:43  Marine  
  135  7:44  Marine x2  
  139  7:49  Supply Depot x2  
  141  8:08  Marine x2  
  141  8:10  Widow Mine, Marine x2  
  141  8:11  Hellion, Widow Mine  
  140  8:12  Marine  
  140  8:15  Marine x3  
  140  8:18  SCV x2  
  140  8:19  Supply Depot x2, Medivac x2  
  146  8:21  Marine  
  146  8:26  Marine x2, Barracks  
  149  8:27  Barracks  
  149  8:29  Barracks  
  149  8:31  Marine  
  149  8:34  Marine  
  150  8:36  SCV  
  150  8:37  SCV  
  150  8:38  Marine x2  
  150  8:39  Siege Tank  
  150  8:40  Widow Mine x2  
  156  8:55  Marine  
  133  8:56  Marauder, Marine x3  
  133  8:57  Medivac x2  
  133  8:59  SCV  
  141  9:03  Marine x2  
  141  9:05  Marine x2  
  141  9:07  Widow Mine  
  141  9:08  SCV x2  
  144  9:13  Widow Mine, Marine  
  144  9:14  Marine x3  
  150  9:18  Marauder  
  150  9:21  Marine x2  
  150  9:23  Marine x2  
Show
View Real Time Build Order
Export as new Build Order

AGOElazer Zerg - Winner!

Build Orders: Hatch First 

Get SALT Encoding   

  12  0:00  Drone  
  13  0:12  Overlord  
  13  0:16  Drone  
  14  0:30  Drone x2  
  16  0:47  Hatchery  
  15  0:50  Drone  
  15  0:54  Drone  
  17  0:57  Drone  
  18  1:08  Extractor  
  17  1:12  Spawning Pool  
  17  1:16  Drone  
  17  1:20  Drone  
  18  1:28  Drone  
  19  1:38  Drone  
  20  1:49  Drone  
  21  1:59  Queen x2  
  21  2:00  Zergling x4  
  27  2:10  Drone  
  27  2:11  Overlord  
  27  2:12  Metabolic Boost  
  28  2:27  Hatchery  
  27  2:30  Drone  
  27  2:34  Drone  
  27  2:35  Drone  
  30  2:38  Drone  
  30  2:44  Queen  
  31  2:48  Overlord  
  33  2:51  Drone  
  33  2:53  Drone  
  35  3:03  Drone  
  35  3:04  Overlord  
  36  3:06  Drone  
  36  3:07  Drone x2  
  36  3:11  Drone  
  40  3:15  Queen  
  42  3:20  Queen  
  42  3:25  Drone x2  
  42  3:26  Overlord  
  46  3:31  Zergling x2  
  47  3:36  Drone  
  47  3:37  Zergling x2  
  47  3:38  Drone x3  
  52  3:41  Queen  
  52  3:45  Drone  
  55  3:49  Drone  
  55  3:52  Queen  
  55  3:53  Overlord  
  55  3:54  Drone  
  59  3:56  Drone  
  59  4:00  Drone x2  
  59  4:02  Drone x2  
  63  4:06  Drone  
  64  4:12  Drone x5  
  64  4:15  Drone  
  70  4:23  Hatchery  
  69  4:24  Drone x3  
  69  4:27  Drone  
  69  4:30  Lair  
  73  4:33  Overlord  
  73  4:34  Extractor  
  73  4:35  Extractor  
  73  4:36  Queen  
  73  4:44  Overlord  
  73  4:46  Baneling Nest, Extractor  
  73  4:47  Zergling x4  
  73  4:51  Overlord  
  73  4:53  Zergling x8  
  73  4:55  Drone x2  
  73  4:56  Spore Crawler  
  73  4:59  Drone  
  79  5:00  Spore Crawler x2  
  79  5:01  Drone  
  79  5:02  Drone x2  
  79  5:03  Drone  
  81  5:08  Drone x3  
  81  5:10  Overlord  
  81  5:11  Drone  
  81  5:12  Drone  
  86  5:16  Drone x2  
  88  5:21  Drone  
  88  5:24  Drone  
  88  5:26  Overlord  
  90  5:30  Overseer  
  90  5:32  Overseer  
  90  5:34  Centrifugal Hooks  
  90  5:36  Drone x5, Evolution Chamber  
  90  5:37  Drone  
  90  5:39  Drone, Evolution Chamber  
  95  5:45  Overlord  
  95  5:46  Drone x6  
  95  5:48  Drone x2  
  103  5:54  Drone  
  104  5:59  Overlord  
  104  6:04  Drone x3  
  104  6:07  Spore Crawler  
  104  6:08  Zerg Ground Armor Level 1, Zerg Melee Weapons Level 1  
  104  6:09  Hatchery  
  105  6:12  Zergling x12  
  111  6:22  Zergling x16  
  118  6:30  Extractor  
  118  6:31  Extractor  
  116  6:33  Hatchery  
  116  6:34  Overlord  
  116  6:38  Hydralisk Den  
  116  6:39  Drone x3  
  117  6:40  Drone x3  
  117  6:42  Baneling  
  117  6:43  Baneling x6  
  117  6:44  Zergling x12  
  126  6:53  Overlord x2  
  126  6:57  Drone  
  126  6:58  Drone x3, Extractor  
  126  7:01  Zergling x14  
  134  7:06  Baneling x8  
  135  7:15  Grooved Spines, Overlord  
  135  7:17  Hydralisk x7  
  135  7:20  Baneling x3  
  135  7:21  Baneling  
  149  7:28  Hydralisk x2  
  146  7:30  Zergling x14  
  153  7:37  Hydralisk  
  153  7:38  Hydralisk x3  
  161  7:53  Hydralisk x6  
  161  7:55  Overlord  
  161  7:56  Overlord x3  
  171  8:07  Hydralisk x4  
  171  8:12  Zergling x12  
  178  8:25  Zergling x30  
  178  8:26  Muscular Augments  
  193  8:30  Zergling x2  
  193  8:31  Zergling x8  
  197  8:39  Baneling x10, Overlord  
  197  8:48  Zergling x26  
  199  8:55  Zergling x22  
  185  8:59  Baneling x25  
  184  9:03  Zergling x10  
  184  9:09  Zergling x12  
  195  9:10  Zergling x4  
  188  9:25  Zergling x24  
  188  9:27  Zergling x2  

Tags
 
Add a new tag
Caveats
  • Supply blocks, unpowered buildings, or Contaminate may cause inaccurate times.
  • Supply counts are checked every 10 seconds.